 Dungeon Crawl Stone Soup version 0.31-a0-865-g3d5d91748a (webtiles) character file.

Game seed: 12600621608618286369

1069 Ge0ff the Shooter (level 8, -6/54 HPs)
             Began as an Octopode Hexslinger on Oct 10, 2023.
             Was a Plaything of Xom.
             Mangled by a red devil
             ... wielding a +0 trident
             ... summoned by Xom
              (21 damage)
             ... on level 5 of the Dungeon.
             The game lasted 00:08:54 (4581 turns).

Ge0ff the Shooter (Octopode Hexslinger)             Turns: 4581, Time: 00:08:55

Health: -6/54      AC:  1    Str: 11      XL:     8   Next: 28%
Magic:  18/20      EV: 13    Int: 21      God:    Xom [......]
Gold:   236        SH:  5    Dex:  9 (15) Spells: 8/13 levels left

rFire   . . .        a - +3 sling (elec)
rCold   . . .        (no shield)
rNeg    . . .        (helmet restricted)
rPois   +            X - amulet of reflection
rElec   .            F - ring of magical power
rCorr   .            J - ring of see invisible
SInv    +            Q - +6 ring of intelligence
Will    .....        (no ring)
Stlth   ++++         (no ring)
HPRegen 0.29/turn    (no ring)
MPRegen 0.17/turn    (no ring)
                     (no ring)

%: reflection
@: spiked
A: almost no armour, amphibious, 8 rings, camouflage 2, gelatinous body 1,
(nimble swimmer 1), tentacles, low MP 1, sense surroundings 1, poison
resistance, strong 1, teleportitis 1, no potion heal 1, MP-powered wands
a: Renounce Religion


You were on level 5 of the Dungeon.
You worshipped Xom.
You were a very special plaything of Xom.
You visited 1 branch of the dungeon, and saw 5 of its levels.

You collected 282 gold pieces.
You spent 46 gold pieces at shops.

Inventory:

Hand Weapons
 a - a +3 sling of electrocution (weapon)
 b - a +2 whip of venom
Missiles
 g - a throwing net {=F}
 v - 3 curare-tipped darts {=F}
 T - 3 boomerangs
Jewellery
 F - a ring of magical power (left tentacle)
 J - a ring of see invisible (right tentacle)
 Q - a +6 ring of intelligence (on tentacle)
 X - an amulet of reflection (around mantle)
Wands
 e - a wand of charming (3)
Scrolls
 C - a scroll of poison
 P - 3 scrolls of immolation {unknown}
 R - a scroll of fear {unknown}
Potions
 q - 3 potions of curing
 z - 2 potions of brilliance
 D - a potion of heal wounds {unknown}
 G - a potion of berserk rage {unknown}
 L - a potion of cancellation {unknown}
 U - a potion of lignification {unknown}
 Y - a potion of might {unknown}


   Skills:
 + Level 4.2 Fighting
 * Level 6.5 Ranged Weapons
 - Level 2.0 Dodging
 - Level 3.0 Stealth
 - Level 3.0 Spellcasting
 - Level 5.0 Hexes
 - Level 1.0 Fire Magic


You had 8 spell levels left.
You knew the following spells:

 Your Spells              Type           Power      Damage    Failure   Level
j - Inner Flame           Hex/Fire       15%        N/A       12%         3
s - Jinxbite              Hex            48%        N/A       2%          2

Your spell library contained the following spells:

 Spells                   Type           Power      Damage    Failure   Level
 Sigil of Binding         Hex            24%        N/A       4%          3
 Magic Dart               Conj           12%        1d3       13%         1
 Cause Fear               Hex            12%        N/A       17%         4
 Searing Ray              Conj           6%         2d4       21%         2
 Static Discharge         Conj/Air       6%         2-3/arc   21%         2
 Dimensional Bullseye     Hex/Tloc       6%         N/A       43%         4
 Fulminant Prism          Conj/Hex       6%         3d7       43%         4
 Airstrike                Air            1%         2d(1-17)  78%         4
 Summon Lightning Spire   Summ/Air       3%         N/A       78%         4


Dungeon Overview and Level Annotations

Branches:
Dungeon (5/15) Zot: 25342
 Temple: D:4-7

Altars:
Xom
The Shining One

Shops:
D:1 (


Innate Abilities, Weirdness & Mutations

You cannot wear most types of armour.
You are amphibious.
You can wear up to eight rings at the same time.
Your skin blends seamlessly with your surroundings (Stealth++).
Your rubbery body absorbs attacks. (AC +1, EV +1)
((You are camouflaged when in or above water. (Stealth+)))
You have tentacles for arms and can constrict up to eight enemies at once.
Your magical capacity is low. (-10% MP)
You passively map a small area around you.
Your system is resistant to poisons. (rPois)
Your muscles are strong. (Str +4, Int/Dex -1)
You are occasionally teleported next to monsters.
Potions are less effective at restoring your health.
You expend magic power (3 MP) to strengthen your wands.


Message History

You kill the dart slug!
You feel your willpower return.
Things that are here:
a +0 dagger; a +0 robe You see here a dart slug corpse.
You now have 236 gold pieces (gained 13).
Y - a dark potion "Let's see if it's strong enough to survive yet."
Aiming: Charm
Press: ? - help, Shift-Dir - straight line, f - ufetubus
Aim: an ufetubus (summoned, chance to affect: 62%)
You feel a surge of power!
The ufetubus resists with significant effort.
You block the ufetubus's attack. The ufetubus hits you.
The white imp gestures at you. The puff of frost misses you.
The puff of frost hits the ufetubus.
The ufetubus resists.
The red devil closely misses you.
You shoot a sling bullet. The sling bullet misses the ufetubus.
The sling bullet hits the quasit!
The quasit is heavily wounded.
The ufetubus hits you but does no damage.
The ufetubus misses you. You block the red devil's attack.
You shoot a sling bullet. The sling bullet hits the quasit.
The quasit is almost dead.
The quasit barely misses you.
The quasit claws you but does no damage.
The quasit barely misses you.
The red devil hits you from afar with a +0 trident!
Barbed spikes become lodged in your body.
You shoot a sling bullet.
The sling bullet hits the quasit but does no damage.
The quasit is almost dead.
The quasit closely misses you. The quasit claws you. x2
The iron imp misses you.
The red devil hits you from afar with a +0 trident!!
Barbed spikes become lodged in your body.
Your system partially rejects the healing.
You feel better. The quasit barely misses you.
The quasit closely misses you. x2
The iron imp barely misses you.
The red devil hits you from afar with a +0 trident!
* * * LOW HITPOINT WARNING * * *
Barbed spikes become lodged in your body.
Your system partially rejects the healing.
You feel better. You block the quasit's attack. The quasit claws you.
* * * LOW HITPOINT WARNING * * *
You feel clumsy. The quasit claws you.
* * * LOW HITPOINT WARNING * * *
The red devil hits you from afar with a +0 trident!!
You die...

.........##
.###.##...########
.###....#........#
...####...######.#*
.#.###.....#####..
........>........#**
.#####.....##.##5# .#
##...###.##5# * * .#
##.## #.##@# * , , .#
#.# #.##5### ** * ..
..# #...54.# ### *
#######..###.#
#........# #.#
#.#####†.###.# #####
#.# #......# #...#
#.# #.##.#.# #.#.#
#.#
#)##.#.#########)#.##


You could see a red devil (summoned), an iron imp (summoned), a quasit
(summoned), a white imp (summoned) and an ufetubus (summoned).

Vanquished Creatures
  A kobold demonologist (D:5)
  Duvessa (D:4)
  An ice beast (D:5)
  An ogre (D:5)
  A bullfrog (D:5)
  A scorpion (D:4)
  Dowan (D:4)
  5 hounds (D:4)
  An orc priest (D:5)
  An iguana (D:5)
  4 adders
  A white imp (D:5)
  A worm (D:4)
  6 dart slugs
  12 orcs
  4 ball pythons
  6 bats
  6 endoplasms
  6 giant cockroaches
  10 hobgoblins
  2 jackals (D:3)
  5 quokkas
  2 frilled lizards
  6 goblins
  5 kobolds
  2 rats
92 creatures vanquished.

Vanquished Creatures (collateral kills)
  An orc (D:4)
1 creature vanquished.

Grand Total: 93 creatures vanquished

Notes
Turn   | Place    | Note
-------+----------+-------------------------------------------
     0 | D:1      | Ge0ff the Octopode Hexslinger began the quest for the Orb.
     0 | D:1      | Reached XP level 1. HP: 13/13 MP: 2/2
   111 | D:1      | Reached XP level 2. HP: 18/18 MP: 3/3
   123 | D:1      | Learned a level 2 spell: Jinxbite
   351 | D:1      | Reached skill level 1 in Stealth
   396 | D:1      | Found Yserug's Weapon Shoppe.
   518 | D:1      | Reached XP level 3. HP: 23/23 MP: 4/4
  1093 | D:2      | Found a faded altar of an unknown god.
  1096 | D:2      | Prayed at the altar of an unknown god.
  1096 | D:2      | Became a worshipper of Xom of Unknown Intention
  1268 | D:1      | Bought 3 curare-tipped darts for 46 gold pieces
  1477 | D:2      | XOM: silly message
  1529 | D:2      | XOM: divination: magic mapping
  1625 | D:2      | Reached XP level 4. HP: 28/28 MP: 6/6
  1702 | D:2      | XOM: god gift: bubbling dark potion {god gift}
  1822 | D:3      | Learned a level 3 spell: Inner Flame
  1874 | D:3      | Reached skill level 3 in Ranged Weapons
  2103 | D:3      | XOM: give mutations
  2103 | D:3      | Gained mutation: Your magical capacity is low. (-10% MP)
                  | [Xom's mischief]
  2103 | D:3      | Gained mutation: You are occasionally teleported next to
                  | monsters. [Xom's mischief]
  2103 | D:3      | Gained mutation: Potions are less effective at restoring
                  | your health. [Xom's mischief]
  2103 | D:3      | Gained mutation: Your system is resistant to poisons.
                  | (rPois) [Xom's mischief]
  2367 | D:4      | Noticed a scorpion
  2373 | D:4      | Reached XP level 5. HP: 16/34 MP: 6/6
  2378 | D:4      | Noticed Duvessa
  2662 | D:4      | Killed Duvessa
  2663 | D:4      | Reached skill level 4 in Ranged Weapons
  2663 | D:4      | Reached XP level 6. HP: 6/41 MP: 8/8
  2746 | D:3      | XOM: draining
  2786 | D:4      | Noticed Dowan
  2797 | D:3      | XOM: noise
  2810 | D:3      | XOM: stat loss: -1 Int (15/16)
  2866 | D:4      | XOM: butterfly on damage
  2868 | D:4      | Killed Dowan
  3373 | D:4      | Reached XP level 7. HP: 46/46 MP: 10/10
  3762 | D:4      | XOM: give mutations
  3762 | D:4      | Gained mutation: You expend magic power (3 MP) to
                  | strengthen your wands. [Xom's grace]
  3762 | D:4      | Gained mutation: You passively map a small area around you.
                  | [Xom's grace]
  3762 | D:4      | Gained mutation: Your skin blends seamlessly with your
                  | surroundings (Stealth++). [Xom's grace]
  3768 | D:5      | Entered Level 5 of the Dungeon
  3808 | D:5      | Found a glowing golden altar of the Shining One.
  3932 | D:5      | Reached skill level 5 in Ranged Weapons
  4126 | D:5      | Noticed a kobold demonologist
  4131 | D:5      | Noticed a chaos spawn
  4146 | D:5      | Noticed a soul eater
  4148 | D:5      | Noticed a hellwing
  4328 | D:5      | XOM: give mutation
  4328 | D:5      | Gained mutation: Your muscles are strong. (Str +4, Int/Dex
                  | -1) [Xom's grace]
  4464 | D:5      | Noticed a rust devil
  4519 | D:5      | Noticed a sixfirhy
  4519 | D:5      | Killed a kobold demonologist
  4520 | D:5      | Reached skill level 6 in Ranged Weapons
  4520 | D:5      | Reached skill level 5 in Hexes
  4520 | D:5      | Reached XP level 8. HP: 49/54 MP: 11/11
  4575 | D:5      | XOM: summons 5 hostile demons
  4576 | D:5      | Noticed a red devil
  4581 | D:5      | Mangled by a red devil

Illustrated notes

Levels and vault maps discovered:
D:1:      elethiomel_arrival_maze, layout_loops_ring, serial_shops, shop
D:2:      layout_basic, hellmonk_ecumenical_altar_defaced_shrine
D:3:      layout_rooms
D:4:      layout_layer_cave, uniq_duvessa
D:5:      layout_loops_ring, tso_metal_star, nrook_pool_corridor

Skill      XL: |  1  2  3  4  5  6  7 |
---------------+----------------------+-----
Stealth        | 1 2 3 |  3.0
Ranged Weapons | 3 4 6 |  6.5
Fighting       | 2 3 4 |  4.2
Spellcasting   | 2 3 |  3.0
Hexes          | 4 5 |  5.0
Dodging        | |  2.0
Fire Magic     | |  1.0

Action                     |  1- 3 |  4- 6 |  7- 9 || total
---------------------------+-------+-------+-------++-------
   Fire: Sling             |   107 |   146 |    92 ||   345
   Cast: Jinxbite          |       |    20 |    12 ||    32
  Evoke: Wand              |       |     1 |     4 ||     5
    Use: Scroll            |       |     2 |     8 ||    10
         Potion            |       |     1 |     3 ||     4
 Armour: Skin              |    21 |    39 |    49 ||   109
  Dodge: Dodged            |    32 |    43 |    73 ||   148
  Block: Other             |       |       |    14 ||    14
         Reflection        |       |       |     1 ||     1

Table legend: (Time is in decaauts)
 A = Elapsed time spent in this place.
 B = Non-inter-level travel time spent in this place.
 C = Inter-level travel time spent in this place.
 D = Time resting spent in this place.
 E = Time spent auto-exploring this place.
 F = Levels seen in this place.
 G = Mean time per level.
                   A        B        C        D        E       F      G
               +--------+--------+--------+--------+--------+-----+--------+
         Total |   4656 |   4358 |    298 |     61 |   3433 |   5 |  931.2 |
       Dungeon |   4656 |   4358 |    298 |     61 |   3433 |   5 |  931.2 |
               +--------+--------+--------+--------+--------+-----+--------+

Top non-repeatable levels by time:
     D:4: 1020 daAuts
     D:1: 999 daAuts
     D:2: 912 daAuts
     D:3: 899 daAuts
     D:5: 823 daAuts
